 Dungeon Crawl Stone Soup version 0.31-a0-233-g139696dc86 (webtiles) character file.

Game seed: 16860025731349668529

305 qw the Shooter (level 6, -3/51 HPs)
             Began as a Minotaur Hexslinger on July 9, 2023.
             Slain by a gnoll
             ... wielding a +0 spear
              (4 damage)
             ... on level 4 of the Dungeon.
             The game lasted 00:01:05 (2849 turns).

qw the Shooter (Minotaur Hexslinger)                Turns: 2849, Time: 00:01:05

Health: -3/51      AC: 12    Str: 12    XL:     6   Next: 16%
Magic:  6/6        EV: 11    Int: 10    God:
Gold:   171        SH:  0    Dex: 15    Spells: 6/7 levels left

rFire   + . .        Y - +1 sling
rCold   . . .        (no shield)
rNeg    . . .        i - +2 ring mail {rF+}
rPois   .            (helmet restricted)
rElec   .            e - +0 cloak
rCorr   .            (no gloves)
SInv    .            (no boots)
Will    .....        (no amulet)
Stlth   +            g - +4 ring of protection
HPRegen 0.28/turn    (no ring)
MPRegen 0.10/turn

%: no passive effects
@: no status effects
A: horns 2, retaliatory headbutt
a: no special abilities


You were on level 4 of the Dungeon.
You visited 1 branch of the dungeon, and saw 4 of its levels.

You collected 171 gold pieces.


Innate Abilities, Weirdness & Mutations

You have a pair of horns on your head.
You reflexively headbutt those who attack you in melee.


   Skills:
 + Level 3.5 Fighting
 - Level 6.0 Ranged Weapons
 - Level 2.2 Armour
 - Level 2.1 Dodging
 - Level 1.0 Spellcasting
 - Level 2.0 Hexes


You had 6 spell levels left.
You knew the following spells:

 Your Spells              Type           Power      Damage    Failure   Level
a - Slow                  Hex            16%        N/A       32%         1

Your spell library contained the following spells:

 Spells                   Type           Power      Damage    Failure   Level
 Inner Flame              Hex/Fire       2%         N/A       83%         3
 Portal Projectile        Hex/Tloc       4%         N/A       83%         3
 Cause Fear               Hex            2%         N/A       97%         4

Inventory:

Hand Weapons
 Y - a +1 sling (weapon)
Armour
 e - a +0 cloak (worn)
 i - a +2 ring mail of fire resistance (worn)
Jewellery
 a - a ring of ice
 g - a +4 ring of protection (left hand)
Scrolls
 c - 3 scrolls of identify
Potions
 h - a potion of curing

Dungeon Overview and Level Annotations

Branches:
Dungeon (4/15)
 Temple: D:4-7

Altars:
Fedhas
Makhleb
Uskayaw
Vehumet
The Shining One


Message History

The worm is heavily wounded.
The gnoll hits you but does no damage.
You shoot a sling bullet. The sling bullet hits the worm.
The worm is severely wounded.
The gnoll hits you but does no damage. The worm misses you.
You shoot a sling bullet.
The sling bullet barely misses the worm.
The gnoll misses you. The worm closely misses you.
You shoot a sling bullet. The sling bullet hits the worm.
The worm is severely wounded.
The gnoll barely misses you.
The gnoll hits you from afar with a +0 spear.
The worm barely misses you.
You shoot a sling bullet.
The sling bullet completely misses the worm.
The gnoll barely misses you.
You shoot a sling bullet.
The sling bullet barely misses the worm.
The gnoll closely misses you. The worm closely misses you.
You shoot a sling bullet. The sling bullet hits the worm.
The worm is severely wounded.
The gnoll hits you from afar with a +0 spear.
The worm barely misses you.
You shoot a sling bullet. The sling bullet hits the worm.
The worm is almost dead.
The gnoll hits you but does no damage.
The gnoll hits you from afar with a +0 spear.
You shoot a sling bullet. The sling bullet hits the worm.
The worm is almost dead.
The worm bites you but does no damage. The gnoll hits you but does no damage.
You shoot a sling bullet.
The sling bullet barely misses the worm.
The gnoll barely misses you. The worm barely misses you.
You shoot a sling bullet. The sling bullet hits the worm.
The worm is almost dead.
The gnoll hits you but does no damage. The worm bites you.
You shoot a sling bullet. The sling bullet hits the worm.
The worm is almost dead.
The gnoll hits you from afar with a +0 spear.
You die...

#....##### #.#......>........
#........######.#.########.#....
##....###......................##
.>.......########...###.....#....
##........########..#...#####.###
##............###...)#####.).# #
#####.###........#..######### #.#
#####.#..#..#....S..### #.#
#.@.....#SP._.P.#.. ...
##w)....#.P...P.### #..
g.#.>.##.PPPPP.###
........#.......#..
..#####.####+++##### ... #......
.... ... .... .. .


You could see a worm, a gnoll and a ball python.

Vanquished Creatures
  A scorpion (D:4)
  A gnoll bouda (D:3)
  A hound (D:4)
  2 iguanas
  6 gnolls
  2 adders
  2 worms
  2 orcs
  5 ball pythons
  3 bats
  7 endoplasms
  A giant cockroach (D:1)
  7 goblins
  4 hobgoblins
  5 kobolds
  3 quokkas
  2 frilled lizards
  5 rats
59 creatures vanquished.

Notes
Turn   | Place    | Note
-------+----------+-------------------------------------------
     0 | D:1      | qw the Minotaur Hexslinger began the quest for the Orb.
     0 | D:1      | Reached XP level 1. HP: 16/16 MP: 1/1
     0 | D:1      | 0 ||| qw: Version: 0.3-a-51-g015441d
     0 | D:1      | 0 ||| qw: Game counter: 3795
     0 | D:1      | 0 ||| qw: Melee chars always use a shield: true
     0 | D:1      | 0 ||| qw: God list: Okawaru
     0 | D:1      | 0 ||| qw: Allow faded altars: false
     0 | D:1      | 0 ||| qw: Do Orc after clearing Dungeon:15 true
     0 | D:1      | 0 ||| qw: Do second Lair branch before Depths: true
     0 | D:1      | 0 ||| qw: Lair rune preference: random
     0 | D:1      | 0 ||| qw: Goals: Normal
     0 | D:1      | 0 ||| PLANNING D:1-11
   178 | D:1      | Reached skill level 3 in Ranged Weapons
   178 | D:1      | Reached XP level 2. HP: 23/23 MP: 2/2
   300 | D:1      | You fall into a shaft and drop 1 floor!
   300 | D:2      | Found a faded altar of an unknown god.
   380 | D:2      | Reached XP level 3. HP: 20/29 MP: 3/3
   502 | D:2      | 502 ||| UPGRADING to +0 cloak.
   507 | D:2      | 507 ||| UPGRADING to +4 ring of protection.
   508 | D:2      | 508 ||| READING scroll labelled ABEVUPHIS DASTIRU.
   509 | D:2      | 509 ||| READING scroll labelled MIJ OF ELEEPT.
   510 | D:2      | 510 ||| READING scroll labelled JYGREPP RASECS.
   511 | D:2      | 511 ||| DROPPING scroll of poison.
   859 | D:1      | 859 ||| UPGRADING to +0 ring mail.
   869 | D:1      | 869 ||| DROPPING +0 robe.
   870 | D:1      | 870 ||| READING scroll labelled QARYAR AGRUGH.
  1269 | D:2      | Reached skill level 4 in Ranged Weapons
  1378 | D:2      | 1378 ||| READING scroll labelled EBOSOOTONA.
  1379 | D:2      | 1379 ||| READING 3 scrolls of identify.
  1379 | D:2      | 1379 ||| IDENTIFYING inky potion
  1380 | D:2      | 1380 ||| READING 2 scrolls of identify.
  1380 | D:2      | 1380 ||| IDENTIFYING black potion
  1381 | D:2      | 1381 ||| DROPPING potion of lignification.
  1382 | D:2      | 1382 ||| DROPPING potion of ambrosia.
  1479 | D:3      | Reached XP level 4. HP: 36/36 MP: 4/4
  1676 | D:3      | Found a blossoming altar of Fedhas.
  1676 | D:3      | Found a glowing golden altar of the Shining One.
  1683 | D:3      | Found a radiant altar of Vehumet.
  1685 | D:3      | Found a faded altar of an unknown god.
  1687 | D:3      | Found a hide-covered altar of Uskayaw.
  2265 | D:3      | 2265 ||| UPGRADING to +2 ring mail of fire resistance.
  2275 | D:3      | 2275 ||| DROPPING +0 ring mail.
  2276 | D:3      | 2276 ||| READING scroll labelled CORINO MIACHUE.
  2277 | D:3      | 2277 ||| DRINKING 2 yellow potions.
  2278 | D:3      | 2278 ||| DRINKING 2 fizzy blue potions.
  2279 | D:3      | 2279 ||| READING 3 scrolls of identify.
  2279 | D:3      | 2279 ||| IDENTIFYING sapphire potion
  2280 | D:3      | 2280 ||| DROPPING potion of brilliance.
  2301 | D:4      | 2301 ||| STAIRDANCE
  2310 | D:3      | HP: 6/36 [gnoll/+0 club[a gnoll bouda] (4)]
  2310 | D:3      | HP: 1/36 [gnoll/+0 whip[a gnoll bouda] (5)]
  2311 | D:3      | 2311 ||| DRINKING potion of heal wounds.
  2317 | D:3      | HP: 7/36 [gnoll bouda/+0 club (5)]
  2320 | D:3      | Reached skill level 5 in Ranged Weapons
  2320 | D:3      | Reached XP level 5. HP: 9/41 MP: 5/5
  2322 | D:3      | HP: 6/41 [gnoll/+0 club[a gnoll bouda] (4)]
  2478 | D:4      | Reached skill level 3 in Fighting
  2593 | D:4      | 2593 ||| FLEEEEING.
  2601 | D:4      | 2601 ||| STAIRDANCE
  2649 | D:4      | Found a burning altar of Makhleb.
  2763 | D:4      | Reached XP level 6. HP: 47/51 MP: 6/6
  2794 | D:4      | Reached skill level 6 in Ranged Weapons
  2837 | D:4      | HP: 10/51 [gnoll/+0 spear (3)]
  2844 | D:4      | HP: 5/51 [gnoll/+0 spear (4)]
  2848 | D:4      | HP: 1/51 [worm (4)]
  2849 | D:4      | Slain by a gnoll

Levels and vault maps discovered:
D:1:      amcnicky_arrival_wind_blow, layout_basic, minivault_4
D:2:      layout_basic, shapermc_ecumenical_altar_mp_highgroup
D:3:      layout_loops_ring, chequers_temple_overflow_minitemple,
          small_statue_alley_b, grunt_ministairs_7, minmay_close_crescents
D:4:      layout_rooms, mainiacjoe_overflow_alcove_4, lemuel_temple_firewalk_b,
          gammafunk_ghost_gnarly_gnolls

Skill      XL: |  1  2  3  4  5  6 |
---------------+-------------------+-----
Ranged Weapons | 3 4 5 6 |  6.0
Fighting       | 2 3 |  3.5
Armour         | 2 |  2.2
Dodging        | |  2.1
Spellcasting   | |  1.0
Hexes          | |  2.0

Action                     |  1- 3 |  4- 6 || total
---------------------------+-------+-------++-------
   Fire: Sling             |   100 |   131 ||   231
    Use: Scroll            |     7 |     2 ||     9
         Potion            |       |     3 ||     3
 Armour: Robe              |     7 |       ||     7
         Ring mail         |     1 |    72 ||    73
  Dodge: Dodged            |    15 |    74 ||    89

Table legend:
 A = Non-vault XP
 B = Vault XP
 C = Vault XP percentage of total XP
 D = Non-vault monster count
 E = Vault monster count
 F = Vault count percentage of total count
                 A         B        C        D         E       F
            +---------+---------+-------+---------+---------+-------
      Total |     430 |       7 |   1.6 |      55 |       4 |   6.8
            +---------+---------+-------+---------+---------+-------
        D:1 |      24 |       0 |   0.0 |      13 |       0 |   0.0
        D:2 |      42 |       0 |   0.0 |      16 |       0 |   0.0
        D:3 |     140 |       7 |   4.8 |      15 |       4 |  21.1
        D:4 |     224 |       0 |   0.0 |      11 |       0 |   0.0
            +---------+---------+-------+---------+---------+-------
